 Dungeon Crawl Stone Soup version 0.20.0-10-g0535bb4 (webtiles) character file.

117458 asdasd2 the Executioner (level 16, -8/149 HPs)
             Began as a Minotaur Fighter on June 5, 2017.
             Was the Champion of Okawaru.
             Mangled by Polyphemus (15 damage)
             ... on level 2 of the Shoals.
             The game lasted 00:48:48 (29316 turns).

asdasd2 the Executioner (Minotaur Fighter)         Turns: 29316, Time: 00:48:48

Health: -8/149     AC: 26    Str: 31    XL:     16   Next: 23%
Magic:  15/15      EV:  2    Int:  8    God:    Okawaru [******]
Gold:   1766       SH:  0    Dex: 18    Spells: 15/15 levels left

rFire    + . .     SeeInvis .   O - +6 broad axe (elec)
rCold    . . .     Gourm    .   (no shield)
rNeg     + + +     Faith    +   J - +0 plate armour
rPois    ∞         Spirit   .   H - +1 hat {Int+3}
rElec    .         Reflect  .   b - scarf {repulsion}
rCorr    .         Harm     .   w - +1 pair of gloves {Dex+3}
MR       +....                  X - +2 pair of boots {Fly}
Stlth    ..........             v - amulet of faith
Regen    0.4/turn               N - +3 ring of dexterity
MPRegen  0.2/turn               D - ring of protection from fire

@: mighty, petrified, flying, repel missiles
A: retaliatory headbutt, horns 2
a: Heroism, Finesse, Renounce Religion, Stop Flying


You were on level 2 of the Shoals.
You worshipped Okawaru.
Okawaru was exalted by your worship.
You were not hungry.

You visited 5 branches of the dungeon, and saw 26 of its levels.
You visited 1 bazaar.

You collected 3369 gold pieces.
You spent 1603 gold pieces at shops.

Inventory:

Hand Weapons
 m - a +1 battleaxe
 y - a +4 war axe of protection
 I - the +1 battleaxe of Defilement {elec, Int+3 Dex+3}
   (Okawaru gifted it to you on level 4 of the Lair of Beasts)

   Occasionally, upon striking a foe, it will discharge some electrical energy
   and cause terrible harm.
   It affects your intelligence (+3).
   It affects your dexterity (+3).
 O - a +6 broad axe of electrocution (weapon)
 Z - a +0 club
Armour
 b - a scarf of repulsion (worn)
 o - a +2 cloak
 w - a +1 pair of gloves of dexterity (worn)
 H - a +1 hat of intelligence (worn)
 J - a +0 plate armour (worn)
 X - a +2 pair of boots of flying (worn)
Jewellery
 a - an uncursed amulet of guardian spirit {unknown}
 j - an uncursed ring of magical power
 k - a +3 ring of intelligence
 u - an uncursed amulet of the gourmand {unknown}
 v - an amulet of faith (around neck)
 D - a ring of protection from fire (right hand)
 E - an uncursed ring of protection from cold
 G - an uncursed ring of resist corrosion
 N - a +3 ring of dexterity (left hand)
 W - an uncursed amulet of regeneration {unknown}
Wands
 s - a wand of confusion (24/48)
 L - a wand of paralysis (4/24)
 U - a wand of disintegration (7/24)
Scrolls
 c - 3 scrolls of recharging
 g - 6 scrolls of remove curse
 h - 3 scrolls of identify
 q - 6 scrolls of enchant armour
 r - 4 scrolls of magic mapping
 A - 11 scrolls of teleportation
 P - 2 scrolls of fog
 R - 3 scrolls of enchant weapon
 T - a scroll of amnesia
 V - 2 scrolls of blinking
Potions
 d - a potion of might
 e - a potion of heal wounds
 i - 6 potions of agility
 l - 5 potions of brilliance
 n - a potion of cancellation
 t - 4 potions of resistance
 x - 3 potions of ambrosia
 z - 4 potions of haste
 B - a potion of magic
 F - 4 potions of curing
Comestibles
 f - 11 bread rations
 p - 6 meat rations
 C - 3 fruits
 M - 2 royal jellies


   Skills:
 + Level 15.0 Fighting
 * Level 21.9 Axes
 + Level 2.0(15.1) Maces & Flails
 * Level 19.0 Armour
 + Level 4.3 Dodging
   Level 3.6 Shields
 + Level 1.2 Invocations


You had 15 spell levels left.
You didn't know any spells.

Dungeon Overview and Level Annotations

Branches:
Dungeon (15/15)            Temple (1/1) D:4            Lair (6/6) D:9
 Shoals (2/4) Lair:2        Snake (0/4) Lair:4        Slime (0/5) Lair:6
    Orc (2/2) D:11            Elf (0/3) Orc:2        Vaults (0/5) D:13
 Depths (0/5) D:15

Altars:
Ashenzari
Cheibriados
Dithmenos
Elyvilon
Fedhas
Gozag
Hepliaklqana
Kikubaaqudgha
Makhleb
Nemelex Xobeh
Okawaru
Qazlal
Ru
Sif Muna
Trog
Uskayaw
Vehumet
Xom
Yredelemnul
Zin
The Shining One

Shops:
Orc:2 :%[:?!(*

Annotations:
Lair:6 exclusion: 4 oklob plants
Shoals:2 Polyphemus


Innate Abilities, Weirdness & Mutations

You reflexively headbutt those who attack you in melee.
You have a pair of horns on your head.


Message History

Polyphemus hits you!
* * * LOW HITPOINT WARNING * * *
Polyphemus hits you!!
* * * LOW HITPOINT WARNING * * *
You are engulfed in calcifying dust.
Polyphemus hits you!!
* * * LOW HITPOINT WARNING * * *
Polyphemus completely misses you.
Polyphemus hits you but does no damage. x2
Polyphemus hits you.
* * * LOW HITPOINT WARNING * * *
Polyphemus hits you but does no damage.
The catoblepas gores you but does no damage.
Polyphemus throws the catoblepas at you!
The catoblepas gores you but does no damage.
Polyphemus hits you!!
* * * LOW HITPOINT WARNING * * *
Polyphemus hits you but does no damage.
The catoblepas gores you but does no damage.
Polyphemus hits you!!
You die...

≈≈≈....≈≈≈≈≈≈≈≈
≈≈≈≈≈≈≈≈≈≈≈≈≈≈≈≈≈≈≈≈≈≈≈≈
≈(≈≈≈≈≈≈....≈≈≈≈≈≈≈≈≈≈≈≈
≈≈≈m≈≈≈≈.#..≈≈≈≈≈≈≈≈≈≈≈≈
≈≈≈(.≈≈≈....≈≈≈≈≈≈≈≈≈≈≈≈
≈≈≈<.......≈≈≈≈≈≈≈≈≈≈≈≈≈
≈≈≈≈(.###...≈≈≈≈≈≈≈≈≈≈≈≈
≈≈≈....#.....≈≈≈≈.≈.≈≈≈≈
≈≈...#.)..((≈≈≈Y@C...≈≈≈
≈.........#..≈≈≈.≈#≈.≈≈≈
≈..)#[....#<..≈≈.≈≈..≈≈≈
≈≈............≈≈≈...≈≈≈≈
..≈.........##≈≈≈≈≈≈≈≈≈≈
..≈≈.....≈≈..##≈≈≈≈≈≈≈≈#
....##?≈≈≈≈.....≈≈.≈≈≈≈≈
≈....##≈≈≈≈.....≈≈.≈≈≈≈.
≈≈≈.. .....≈≈...###


You could see Polyphemus and a catoblepas.

Vanquished Creatures
  Rupert (Lair:4)
  Jorgrun (Shoals:2)
  Kirke (D:13)
  An orc warlord (Orc:1)
  A stone giant (Orc:2)
  A dire elephant (Lair:6)
  Snorg (Orc:2)
  A merfolk impaler (Shoals:2)
  An ettin (Orc:1)
  A yaktaur captain (D:15)
  2 merfolk avatars
  A vault guard (D:13)
  2 catoblepae (D:13)
  3 hydras
  5 centaur warriors
  6 two-headed ogres
  An ogre mage (D:11)
  3 orc high priests (Orc:2)
  2 sea snakes
  An unseen horror (D:11)
  21 ugly things
  A lindwurm (Lair:6)
  6 fauns
  6 orc knights
  6 harpies
  6 orc sorcerers
  11 manticores
  2 deep elf magi
  8 cyclopes
  2 merfolk sirens
  7 elephants
  6 centaur skeletons
  3 black mambas
  A torpor snail (Lair:2)
  A water nymph (Shoals:1)
  11 komodo dragons
  8 spiny frogs
  4 kobold demonologists
  An efreet (D:15)
  4 rime drakes
  A yaktaur (D:15)
  2 tengu conjurers (D:15)
  13 merfolk
  A queen bee (D:10)
  5 hornets
  A merfolk (shapeshifter) (D:13)
  7 polar bears
  7 trolls
  11 slime creatures
  24 blink frogs
  9 hippogriffs
  2 wind drakes (Shoals:1)
  A hippogriff (shapeshifter) (D:13)
  3 snapping turtles (Shoals:1)
  A harpy skeleton (D:15)
  14 dream sheep
  3 water elementals
  A shadow (D:13)
  4 hogs (D:13)
  42 yaks
  2 vampires
  Eustachio (D:6)
  A wraith (D:14)
  13 basilisks
  3 wyverns
  14 two-headed ogre zombies (D:11)
  Edmund (D:4)
  An acid dragon (D:15)
  2 nagas (Lair:4)
  5 wargs
  12 water moccasins
  27 orc warriors
  2 black bears (D:9)
  6 porcupines
  5 ice beasts
  2 eyes of draining
  3 phantoms
  3 necrophages
  5 sky beasts
  14 wolves
  5 boggarts (D:12)
  11 ogres
  7 centaurs
  11 crocodiles
  21 big kobolds
  15 bullfrogs
  A gnoll sergeant (D:9)
  3 wyvern skeletons
  4 scorpions
  A water moccasin skeleton (D:4)
  22 killer bees
  3 howler monkeys
  4 wights (D:7)
  An electric eel (D:12)
  A quasit (D:11)
  7 crimson imps
  A wyvern simulacrum (D:12)
  3 bullfrog zombies
  3 centaur zombies
  8 hounds
  2 jellies
  25 orc wizards
  21 orc priests
  A bullfrog skeleton (D:4)
  Jessica (D:2)
  5 iguanas
  8 worker ants
  An ogre zombie (D:11)
  A bullfrog simulacrum (D:9)
  A hound zombie (D:9)
  A hound skeleton (D:4)
  8 gnolls
  6 adders
  3 white imps (D:9)
  2 ufetubi (D:9)
  An ooze (D:7)
  An adder zombie (D:8)
  A worm (D:2)
  A dart slug (D:1)
  7 leopard geckos
  98 orcs
  3 ball pythons
  7 giant cockroaches
  5 goblins
  4 hobgoblins
  7 jackals
  26 kobolds
  4 quokkas
  6 bats
  2 frilled lizards
  A quokka skeleton (D:6)
  7 rats
  A spectral orc (D:3)
  5 fungi
  4 plants
834 creatures vanquished.

Vanquished Creatures (others)
  A kobold (D:3)
  A quokka (D:14)
  22 fungi
  26 plants
50 creatures vanquished.

Grand Total: 884 creatures vanquished

Notes
Turn   | Place    | Note
-------+----------+-------------------------------------------
     0 | D:1      | asdasd2 the Minotaur Fighter began the quest for the Orb.
     0 | D:1      | Reached XP level 1. HP: 19/19 MP: 0/0
   108 | D:1      | Reached XP level 2. HP: 11/27 MP: 1/1
   491 | D:1      | Reached skill level 3 in Axes
   890 | D:2      | Noticed Jessica
   892 | D:2      | Killed Jessica
   892 | D:2      | Reached XP level 3. HP: 33/33 MP: 2/2
   925 | D:2      | Reached XP level 4. HP: 35/40 MP: 3/3
  1134 | D:2      | Found a faded altar of an unknown god.
  1372 | D:2      | Reached skill level 5 in Armour
  1687 | D:3      | Found a radiant altar of Vehumet.
  1734 | D:3      | Found a basalt altar of Yredelemnul.
  1905 | D:3      | Reached skill level 4 in Axes
  1905 | D:3      | Reached skill level 1 in Dodging
  1905 | D:3      | Reached XP level 5. HP: 43/46 MP: 4/4
  2276 | D:3      | Found a sparkling altar of Nemelex Xobeh.
  2560 | D:3      | Found a deep blue altar of Sif Muna.
  2705 | D:4      | Found a staircase to the Ecumenical Temple.
  2732 | Temple   | Entered the Ecumenical Temple
  3090 | Temple   | Became a worshipper of Warmaster Okawaru
  3224 | D:4      | Found Zin's Purification Station.
  3228 | D:4      | Found a glowing silver altar of Zin.
  3229 | D:4      | Noticed a phantom
  3242 | D:4      | Killed a phantom
  3242 | D:4      | Reached XP level 6. HP: 32/53 MP: 5/5
  3257 | D:4      | Bought a potion of curing for 90 gold pieces
  3283 | D:4      | Reached skill level 5 in Axes
  3360 | D:4      | Found a hide-covered altar of Uskayaw.
  3361 | D:4      | Found an ancient bone altar of Kikubaaqudgha.
  3439 | D:4      | Noticed Edmund
  3457 | D:4      | Killed Edmund
  3522 | D:4      | Reached * piety under Okawaru
  3577 | D:4      | Reached skill level 6 in Axes
  3577 | D:4      | Reached XP level 7. HP: 45/60 MP: 6/6
  3764 | D:5      | Entered Level 5 of the Dungeon
  3879 | D:5      | Found a basalt altar of Yredelemnul.
  4394 | D:6      | Noticed Eustachio
  4408 | D:6      | Killed Eustachio
  4408 | D:6      | Reached skill level 5 in Fighting
  4408 | D:6      | Reached skill level 7 in Axes
  4452 | D:6      | Noticed a hornet
  4456 | D:6      | Paralysed by a hornet for 3 turns
  4460 | D:6      | Killed a hornet
  4460 | D:6      | Reached ** piety under Okawaru
  4460 | D:6      | Reached skill level 8 in Axes
  4460 | D:6      | Reached XP level 8. HP: 15/68 MP: 7/7
  4883 | D:6      | Reached skill level 9 in Axes
  5052 | D:6      | Reached *** piety under Okawaru
  5386 | D:7      | Reached skill level 10 in Axes
  5850 | D:7      | Reached XP level 9. HP: 73/73 MP: 8/8
  6330 | D:8      | Reached **** piety under Okawaru
  6443 | D:8      | Reached skill level 11 in Axes
  6618 | D:8      | Found a burning altar of Makhleb.
  6618 | D:8      | Noticed a balrug
  6621 | D:8      | Noticed a hellwing
  6878 | D:9      | Noticed a polar bear
  7120 | D:9      | HP: 1/76 [basilisk (4)]
  7451 | D:9      | Reached skill level 12 in Axes
  7453 | D:9      | Found a shimmering altar of Xom.
  7454 | D:9      | Found a shimmering altar of Xom.
  7455 | D:9      | Found a shimmering altar of Xom.
  7455 | D:9      | Found a shimmering altar of Xom.
  7671 | D:9      | Reached ***** piety under Okawaru
  7757 | D:9      | Killed a polar bear
  7757 | D:9      | Reached skill level 10 in Armour
  7757 | D:9      | Reached XP level 10. HP: 72/82 MP: 9/9
  7911 | D:9      | Reached skill level 13 in Axes
  8113 | D:9      | Found a staircase to the Lair.
  8321 | D:9      | Received a gift from Okawaru
  8551 | D:10     | Entered Level 10 of the Dungeon
  8908 | D:10     | Reached skill level 14 in Axes
  9041 | D:10     | Noticed a two-headed ogre
  9050 | D:10     | Killed a two-headed ogre
  9318 | D:10     | Reached XP level 11. HP: 17/94 MP: 10/10
 10023 | D:10     | Noticed a two-headed ogre
 10046 | D:10     | Killed a two-headed ogre
 10556 | D:11     | Found a staircase to the Orcish Mines.
 10576 | D:11     | Reached skill level 15 in Axes
 10612 | D:11     | Noticed a two-headed ogre
 10622 | D:11     | Killed a two-headed ogre
 10622 | D:11     | Reached ****** piety under Okawaru
 10856 | D:11     | Received a gift from Okawaru
 11454 | D:11     | Noticed a brown ugly thing
 11573 | D:11     | Reached skill level 16 in Axes
 11683 | D:11     | Noticed a two-headed ogre
 11974 | D:11     | Killed an unseen horror
 11977 | D:11     | Killed a brown ugly thing
 11989 | D:11     | Noticed an ogre mage
 11991 | D:11     | Reached XP level 12. HP: 85/106 MP: 11/11
 12002 | D:11     | Received a gift from Okawaru
 12004 | D:11     | Killed an ogre mage
 12265 | Lair:1   | Entered Level 1 of the Lair of Beasts
 12799 | Lair:2   | Reached skill level 10 in Fighting
 13184 | Lair:2   | Noticed an eight-headed hydra
 13420 | Lair:3   | Reached skill level 17 in Axes
 13466 | Lair:3   | Received a gift from Okawaru
 13469 | Lair:3   | Got a pair of bloodstained boots {god gift}
 13475 | Lair:3   | Identified the -6 pair of boots of the Blue Moon {MR+ Str+3} (Okawaru gifted it to you on level 3 of the Lair of Beasts)
 13611 | Lair:3   | Noticed a seven-headed hydra
 13884 | Lair:2   | Found a staircase to the Shoals.
 14276 | Lair:2   | Killed an eight-headed hydra
 15058 | Lair:3   | Reached XP level 13. HP: 110/116 MP: 12/12
 15556 | Lair:4   | Noticed Rupert
 15556 | Lair:4   | Paralysed by Rupert for 6 turns
 15615 | Lair:4   | Paralysed by Rupert for 4 turns
 15625 | Lair:4   | Killed Rupert
 15625 | Lair:4   | Received a gift from Okawaru
 15625 | Lair:4   | Reached skill level 1 in Maces & Flails
 15625 | Lair:4   | Reached skill level 15 in Armour
 15927 | Lair:4   | Found a staircase to the Snake Pit.
 16262 | Lair:4   | Got a steaming battleaxe {god gift}
 16482 | Lair:5   | Reached skill level 1 in Invocations
 16608 | Lair:5   | Reached skill level 18 in Axes
 16889 | Lair:6   | Entered Level 6 of the Lair of Beasts
 17038 | Lair:6   | Received a gift from Okawaru
 17482 | Lair:6   | Found a staircase to the Slime Pits.
 17506 | Lair:6   | Received a gift from Okawaru
 18325 | Lair:6   | Identified the Volume of Self-Improvement and Toxins
 18336 | Lair:6   | Got a faintly humming cloak
 18346 | Lair:6   | Noticed a dire elephant
 18361 | Lair:6   | Killed a dire elephant
 18361 | Lair:6   | Reached XP level 14. HP: 78/126 MP: 13/13
 18649 | Lair:6   | Identified the +2 cloak of Owyst {rElec Str-2 Int+7} (You found it on level 6 of the Lair of Beasts)
 18675 | Lair:6   | Reached skill level 19 in Axes
 18768 | Lair:6   | Received a gift from Okawaru
 19162 | Orc:1    | Entered Level 1 of the Orcish Mines
 19616 | Orc:2    | Entered Level 2 of the Orcish Mines
 19643 | Orc:2    | Found a staircase to the Elven Halls.
 19644 | Orc:2    | Noticed Snorg
 19655 | Orc:2    | Killed Snorg
 19945 | Orc:2    | Found a gateway to a bazaar.
 19971 | Bazaar   | Entered a bazaar
 19988 | Bazaar   | Found Ucsiuckaus's Food Emporium.
 19988 | Bazaar   | Found Ixkoxtom's Assorted Antiques.
 20009 | Bazaar   | Found Poseagg's Antique Weapon Emporium.
 20009 | Bazaar   | Found Jomej's Antique Armour Shoppe.
 20030 | Bazaar   | Found Gakleb's Magic Scroll Emporium.
 20030 | Bazaar   | Found Qeku Pimm's Gadget Shoppe.
 20034 | Bazaar   | Bought a scroll of acquirement for 624 gold pieces
 20034 | Bazaar   | Bought a scroll of enchant armour for 90 gold pieces
 20034 | Bazaar   | Bought a scroll of enchant armour for 90 gold pieces
 20034 | Bazaar   | Bought a scroll of enchant armour for 90 gold pieces
 20051 | Bazaar   | Found Optughir's Book Emporium.
 20051 | Bazaar   | Found Irau's Antique Weapon Shoppe.
 20162 | Orc:2    | Found Ywavutydgh's Antique Weapon Boutique.
 20166 | Orc:2    | Found Kadar's Assorted Antiques.
 20192 | Orc:2    | Bought a scroll labeled ITYONLE JETEA for 20 gold pieces
 20192 | Orc:2    | Bought a scroll labeled ODUFRI CAIQE for 20 gold pieces
 20192 | Orc:2    | Bought a potion of might for 80 gold pieces
 20192 | Orc:2    | Bought a scroll of enchant armour for 150 gold pieces
 20192 | Orc:2    | Bought 2 potions of curing for 120 gold pieces
 20323 | Orc:2    | Found Moten's Distillery.
 20477 | Orc:2    | Bought a potion of curing for 42 gold pieces
 20547 | Orc:2    | Received a gift from Okawaru
 20835 | Orc:2    | Noticed a stone giant
 20837 | Orc:2    | Found Tiucer's Magic Scroll Emporium.
 20851 | Orc:2    | Killed a stone giant
 20911 | Orc:2    | Bought a scroll of teleportation for 45 gold pieces
 20911 | Orc:2    | Bought a scroll of enchant weapon for 112 gold pieces
 20911 | Orc:2    | Bought a scroll of identify for 30 gold pieces
 21503 | Orc:2    | Found Qelazux's Antique Armour Shoppe.
 21503 | Orc:2    | Found Ewuthro's Book Boutique.
 21505 | Orc:2    | Found Qutiyf's Food Boutique.
 21505 | Orc:2    | Found Jiosh's Book Shoppe.
 22015 | Orc:1    | Noticed an orc warlord
 22048 | Orc:1    | Killed an orc warlord
 22529 | D:12     | Reached skill level 20 in Axes
 22659 | D:12     | Received a gift from Okawaru
 23038 | D:12     | Identified the +1 battleaxe of Defilement {elec, Int+3 Dex+3} (Okawaru gifted it to you on level 4 of the Lair of Beasts)
 23889 | D:13     | Reached XP level 15. HP: 136/136 MP: 14/14
 23975 | D:13     | Received a gift from Okawaru
 24097 | D:13     | Noticed Kirke
 24106 | D:13     | Killed Kirke
 24627 | D:13     | Received a gift from Okawaru
 24723 | D:13     | Found a gate to the Vaults.
 25060 | D:14     | Received a gift from Okawaru
 25354 | D:14     | Found a white marble altar of Elyvilon.
 25359 | D:14     | Reached skill level 21 in Axes
 25838 | D:15     | Entered Level 15 of the Dungeon
 25851 | D:15     | Found a shadowy altar of Dithmenos.
 26010 | D:15     | Received a gift from Okawaru
 26888 | D:15     | Found a staircase to the Depths.
 27120 | Shoals:1 | Entered Level 1 of the Shoals
 28007 | Shoals:1 | Reached XP level 16. HP: 98/147 MP: 15/15
 28439 | Shoals:1 | Received a gift from Okawaru
 28451 | Shoals:1 | Got a pair of smoking gloves {god gift}
 28462 | Shoals:1 | Identified the +0 pair of gloves of Ihiecis {MR+} (Okawaru gifted it to you on level 1 of the Shoals)
 28960 | Shoals:2 | Reached skill level 15 in Fighting
 29024 | Shoals:2 | Noticed Jorgrun
 29277 | Shoals:2 | Killed Jorgrun
 29302 | Shoals:2 | Noticed Polyphemus
 29315 | Shoals:2 | HP: 6/149 [Polyphemus (11)]
 29316 | Shoals:2 | Mangled by Polyphemus

Skill      XL: |  1  2  3  4  5  6  7  8  9 10 11 12 13 14 15 16 |
---------------+-------------------------------------------------+-----
Armour         | 4 5 6 7 8 10 11 12 14 16 17 18 19 | 19.0
Fighting       | 4 5 6 7 9 11 12 13 14 15 | 15.0
Axes           | 3 4 6 8 10 12 14 16 17 18 20 21 | 21.9
Dodging        | 1 2 3 4 |  4.3
Maces & Flails | 2 |  2.0
Invocations    | 1 |  1.2
Shields        | |  3.6

Action                   |  1- 3 |  4- 6 |  7- 9 | 10-12 | 13-15 | 16-18 || total
-------------------------+-------+-------+-------+-------+-------+-------++-------
Melee: War axe           |    45 |   107 |   262 |   507 |       |       ||   921
       Headbutt          |     6 |    31 |    55 |   145 |   313 |    36 ||   586
       Broad axe         |       |       |       |    79 |  1030 |   100 ||  1209
       Club              |       |       |       |     8 |    11 |       ||    19
Invok: Heroism           |       |       |       |     1 |     2 |       ||     3
  Use: Scroll            |       |     6 |    14 |     7 |    14 |     1 ||    42
       Potion            |       |       |     1 |     8 |     1 |     6 ||    16
  Eat: Chunk             |       |     5 |     7 |    19 |    28 |       ||    59
       Fruit             |       |     4 |       |       |     2 |       ||     6
       Meat ration       |       |       |     1 |       |       |     1 ||     2
       Royal jelly       |       |       |       |     2 |     6 |       ||     8
Armor: Scale mail        |    26 |    37 |    71 |       |       |       ||   134
       Plate armour      |       |       |    70 |   343 |   547 |    68 ||  1028
Dodge: Dodged            |    25 |    72 |   117 |   241 |   375 |    47 ||   877
       Deflected         |       |       |       |       |    34 |     8 ||    42
Block: Shield            |     2 |       |       |       |       |       ||     2
